 Dungeon Crawl Stone Soup version 0.17.0-1-g61d176b (webtiles) character file.

33779 oplop the Destroyer (level 13, -9/80 HPs)
             Began as a Tengu Air Elementalist on Nov 7, 2015.
             Was a High Priest of Vehumet.
             Engulfed by a cloud of freezing vapour (25 damage)
             ... on level 4 of the Lair of Beasts.
             The game lasted 01:25:27 (19483 turns).

oplop the Destroyer (Tengu Air Elementalist)       Turns: 19483, Time: 01:25:27

Health: -9/80      AC:  8    Str:  9    XL:     13   Next: 73%
Magic:  6/41       EV: 23    Int: 25    God:    Vehumet [*****.]
Gold:   1018       SH:  6    Dex: 15    Spells: 8 memorised, 4 levels left

rFire  . . .     SeeInvis .     d - staff of power
rCold  . . .     Clarity  .     B - +2 robe {MR+}
rNeg   . . .     SustAt   .     p - +1 buckler
rPois  .         Gourm    .     P - +0 hat
rElec  .         Spirit   .     y - +0 cloak
rCorr  .         Warding  .     (no gloves)
rMut   .         Stasis   .     (boots unavailable)
MR     +....                    u - amulet of regeneration
Stlth  ++........               r - +3 ring of protection
                                D - +5 ring of intelligence

@: lethally poisoned (-9 -> -15), flying quickly and evasively, very slightly
contaminated, repel missiles, quick, somewhat resistant to hostile enchantments,
unstealthy
A: beak, talons 3, able to fly 1
a: Renounce Religion


You were on level 4 of the Lair of Beasts.
You worshipped Vehumet.
Vehumet was extremely pleased with you.
You were hungry.

You visited 3 branches of the dungeon, and saw 20 of its levels.
You also visited: Labyrinth.

You collected 1051 gold pieces.
You spent 33 gold pieces at shops.

Inventory:

Hand Weapons
 I - a +2 dagger of electrocution
Armour
 p - a +1 buckler (worn)
 y - a +0 cloak (worn)
 B - a +2 robe of magic resistance (worn)
 P - a +0 hat (worn)
Magical Staves
 b - an uncursed staff of death
 d - an uncursed staff of power (weapon)
Rods
 j - a +1 lightning rod (9/9)
   (You found it on level 8 of the Dungeon)
Jewellery
 e - an uncursed amulet of clarity
 r - a +3 ring of protection (right hand)
 u - an amulet of regeneration (around neck)
 v - an uncursed ring of protection from fire
 D - a +5 ring of intelligence (left hand)
 G - an uncursed ring of ice
 K - a +5 ring of dexterity {unknown}
Wands
 A - a wand of lightning (9)
 H - a wand of disintegration (14)
 J - a wand of draining (4)
 T - a wand of draining (8)
Scrolls
 a - a scroll of magic mapping
 f - 4 scrolls of enchant armour
 i - 2 scrolls of amnesia
 l - 2 scrolls of fear
 o - 5 scrolls of identify
 t - 3 scrolls of teleportation
 C - 3 scrolls of immolation
 E - 2 scrolls of remove curse
 W - 2 scrolls of recharging
 X - a scroll of blinking
Potions
 g - a potion of agility
 h - 2 potions of flight
 k - 3 potions of curing
 n - a potion of heal wounds
 w - 5 potions of might
 x - 4 potions of brilliance
 F - 2 potions of haste
 L - a potion of invisibility
 M - a potion of cure mutation
 N - a potion of mutation {unknown}
 V - 2 potions of berserk rage
Books
 s - a book of Dreams

   Spells                             Type                      Level
   a - Ensorcelled Hibernation        Hexes/Ice                    2
   b - Phase Shift                    Translocation                5
   c - Shadow Creatures               Summoning                    5
   d - Silence                        Hexes/Air                    5
   e - Darkness                       Hexes                        6
   f - Mass Confusion                 Hexes                        6
Comestibles
 c - 18 bread rations
 m - 5 fruits
 q - 5 chunks of flesh
 z - a slice of pizza
 R - 3 meat rations


   Skills:
 + Level 9.5 Fighting
 + Level 11.3 Dodging
 - Level 2.0 Stealth
 + Level 3.5 Shields
 + Level 8.9 Spellcasting
 + Level 13.8 Conjurations
 - Level 4.3 Ice Magic
 - Level 13.4 Air Magic


You had 4 spell levels left.
You knew the following spells:

 Your Spells              Type           Power        Failure   Level  Hunger
a - Shock                 Conj/Air       ####         1%          1    None
b - Static Discharge      Conj/Air       ######..     1%          3    None
c - Repel Missiles        Chrm/Air       #####.       1%          2    None
d - Throw Icicle          Conj/Ice       ######..     1%          4    ##.....
e - Animate Skeleton      Necr           N/A          8%          1    None
f - Lightning Bolt        Conj/Air       ######....   1%          5    ####...
g - Freezing Cloud        Conj/Ice/Air   ######....   4%          6    ######.
h - Ozocubu's Armour      Chrm/Ice       ###.....     10%         3    None


Dungeon Overview and Level Annotations

Branches:
Dungeon (15/15)            Temple (1/1) D:6            Lair (4/8) D:10
  Snake (0/4) Lair:4          Orc (0/4) D:12         Vaults (0/5) D:14
  Swamp: Lair:3-6    Shoals: Lair:3-6    Depths: D:15

Altars:
Ashenzari
Cheibriados
Dithmenos
Elyvilon
Fedhas
Gozag
Kikubaaqudgha
Makhleb
Nemelex Xobeh
Okawaru
Qazlal
Ru
Sif Muna
Trog
Vehumet
Xom
Yredelemnul
Zin
The Shining One

Shops:
D:5 ?

Portals:
Trove: D:11 (give +4 demon blade)

Annotations:
D:3 Sigmund
D:6 Prince Ribbit
D:11 tp1's ghost, journeyman DECj


Innate Abilities, Weirdness & Mutations

You have a beak for a mouth.
You have claws for feet.
You can fly.


Message History

You are feeling hungry.
You feel sick.
The anaconda hisses angrily.
The water moccasin hisses angrily.
The black mamba bites something.
The black mamba is engulfed in freezing vapours.
The black mamba seems to slow down.
Unknown command.
Casting: Freezing Cloud
Confirm with . or Enter, or press ? or * to list all spells.
Aiming: Freezing Cloud
Press: ? - help, Dir - move target cursor That beam is likely to hit you.
Continue anyway?
Okay, then.
Casting: Freezing Cloud
Confirm with . or Enter, or press ? or * to list all spells.
Aiming: Freezing Cloud
Press: ? - help, Dir - move target cursor That beam is likely to hit you.
Continue anyway?
You are engulfed in freezing vapours.
You die...

..#######.##.###≈#######.#####.
..........#...≈.≈..............
........#....P≈≈≈.)............
.......#...#..≈≈≈≈.†...........
...........#.#.≈≈............#.
........#####..≈≈≈...........#.
...<....#..§#§P.≈≈...........##
........#.SS§§...≈.............
.(....#.##..#§@..P.............
.........#..#..................
.........Z.....................
.......#..##§..#...............
.....P.###.§§§###..............
.......#SZS#§.# #.............
.......##§§#.## ............Z
....... #..#. ..........Z.
#..##.. .#... #P...ZZZ


You could see an anaconda, a black mamba and a water moccasin.

Vanquished Creatures
  Agnes (D:14)
  A minotaur (Lab)
  A centaur warrior (D:13)
  An ogre mage (D:14)
  A catoblepas (Lair:3)
  A hydra (Lair:2)
  Urug (D:12)
  2 hill giants (D:13)
  A manticore (D:13)
  2 cyclopes (D:14)
  2 centaur zombies
  A black mamba (Lair:2)
  3 gargoyles
  A spiny frog (Lair:2)
  4 centaur skeletons
  5 komodo dragons
  A fire drake (Lair:3)
  5 trolls
  A merfolk (D:9)
  2 two-headed ogres (D:14)
  11 blink frogs
  5 slime creatures
  A minotaur skeleton (Lab)
  2 deep elf magi
  A vampire (D:9)
  A wraith (D:12)
  A basilisk (Lair:3)
  A wyvern (D:8)
  3 hungry ghosts
  A mottled dragon (D:12)
  2 shadows (Lab)
  2 hippogriffs (Lair:3)
  12 yaks
  A deep elf fighter (D:10)
  3 swamp worms (Lair:3)
  5 wolves (Lair:3)
  2 nagas (Lair:4)
  8 water moccasins
  9 orc warriors
  A wasp (D:12)
  5 ice beasts
  Duvessa (D:7)
  An eye of draining (D:8)
  10 centaurs
  2 phantoms
  7 porcupines
  A sky beast (D:10)
  2 necrophages
  6 crocodiles
  A brain worm (Lair:3)
  2 ogres
  2 big kobolds
  17 giant frogs
  3 wyvern zombies
  2 scorpions
  Dowan (D:7)
  4 electric eels (Lair:1)
  3 wights (D:7)
  9 hounds
  4 crimson imps
  2 giant frog zombies
  11 orc priests
  Ijyb (D:3)
  13 orc wizards
  3 iguanas
  10 worker ants
  A killer bee zombie (D:7)
  16 river rats
  2 shadow imps
  12 adders
  12 white imps (D:12)
  An ooze (D:1)
  An adder skeleton (D:4)
  16 worms
  6 giant geckos
  30 orcs
  19 bats
  9 giant cockroaches
  6 hobgoblins
  16 jackals
  4 quokkas
  A ball python (D:4)
  A giant cockroach zombie (D:5)
  A giant gecko zombie (D:7)
  7 giant newts
  4 goblins
  21 kobolds
  A quokka skeleton (D:6)
  21 rats
  3 plants
443 creatures vanquished.

Vanquished Creatures (collateral kills)
  Snorg (Lair:4)
  A komodo dragon (Lair:3)
  2 blink frogs (Lair:3)
  A centaur simulacrum (D:14)
  A deep elf mage (D:11)
  A hippogriff (Lair:4)
  A swamp worm (Lair:3)
  2 vampire mosquitoes (D:14)
  2 nagas (Lair:4)
  A wolf (Lair:3)
  2 water moccasins (Lair:4)
  A sky beast (D:13)
  3 ogres
  An electric eel (Lair:1)
  A crimson imp (D:11)
  An orc wizard (D:11)
  A hound zombie (D:9)
  A hound skeleton (D:8)
  4 river rats (Lair:2)
  6 orcs
  A quokka (D:10)
  A plant (Lair:3)
36 creatures vanquished.

Vanquished Creatures (others)
  4 fungi
  6 plants
10 creatures vanquished.

Grand Total: 489 creatures vanquished

Notes
Turn   | Place    | Note
--------------------------------------------------------------
     0 | D:1      | oplop the Tengu Air Elementalist began the quest for the Orb.
     0 | D:1      | Reached XP level 1. HP: 10/10 MP: 4/4
   274 | D:1      | Reached XP level 2. HP: 12/15 MP: 3/6
   852 | D:1      | Reached XP level 3. HP: 19/19 MP: 4/7
  1423 | D:2      | Reached XP level 4. HP: 16/24 MP: 2/8
  2183 | D:3      | Noticed Sigmund
  2420 | D:3      | Reached skill level 5 in Air Magic
  2425 | D:3      | Gained mutation: You can fly. [Tengu growth]
  2425 | D:3      | Reached XP level 5. HP: 21/28 MP: 10/10
  2663 | D:3      | Found a stormy altar of Qazlal.
  2663 | D:3      | Noticed Ijyb
  2878 | D:3      | Killed Ijyb
  2970 | D:4      | Learned a level 3 spell: Static Discharge
  2973 | D:4      | Learned a level 2 spell: Repel Missiles
  2976 | D:4      | Learned a level 2 spell: Swiftness
  3049 | D:5      | Entered Level 5 of the Dungeon
  3291 | D:5      | Reached XP level 6. HP: 20/32 MP: 2/11
  3665 | D:5      | Reached skill level 5 in Conjurations
  3794 | D:5      | Found Boickaff's Magic Scroll Shoppe.
  3799 | D:5      | Bought a scroll of remove curse for 33 gold pieces
  4166 | D:5      | Reached skill level 6 in Air Magic
  4169 | D:5      | Reached XP level 7. HP: 25/36 MP: 0/13
  4448 | D:6      | Noticed Prince Ribbit
  4798 | D:6      | Reached skill level 1 in Fighting
  4926 | D:6      | Reached XP level 8. HP: 37/43 MP: 3/15
  4999 | D:6      | Found a staircase to the Ecumenical Temple.
  5455 | D:6      | Reached skill level 7 in Air Magic
  5525 | D:6      | Learned a level 1 spell: Animate Skeleton
  5828 | D:7      | Reached skill level 5 in Spellcasting
  6008 | D:7      | Learned a level 5 spell: Lightning Bolt
  6010 | D:7      | Noticed Dowan
  6233 | Temple   | Entered the Ecumenical Temple
  6338 | Temple   | Became a worshipper of Vehumet
  6512 | D:7      | Found a blossoming altar of Fedhas.
  6513 | D:7      | Found a deep blue altar of Sif Muna.
  6687 | D:7      | Reached skill level 8 in Air Magic
  6864 | D:7      | Found a glowing golden altar of the Shining One.
  6911 | D:7      | Noticed Duvessa
  6929 | D:7      | Killed Dowan
  6931 | D:7      | Killed Duvessa
  7028 | D:8      | Reached XP level 9. HP: 46/50 MP: 10/18
  7072 | D:8      | Found an ancient bone altar of Kikubaaqudgha.
  7398 | D:8      | Found a shadowy altar of Dithmenos.
  7699 | D:9      | Reached skill level 5 in Dodging
  7699 | D:9      | Reached skill level 9 in Air Magic
  7959 | D:9      | Reached XP level 10. HP: 56/58 MP: 2/20
  8284 | D:9      | Learned a level 6 spell: Freezing Cloud
  8468 | D:9      | Reached skill level 5 in Fighting
  8577 | D:9      | Reached skill level 10 in Air Magic
  8579 | D:9      | Reached skill level 1 in Ice Magic
  8749 | D:9      | Reached * piety under Vehumet
  8749 | D:9      | Offered knowledge of Sandblast by Vehumet.
  9040 | D:10     | Entered Level 10 of the Dungeon
  9531 | D:10     | Reached skill level 10 in Conjurations
  9626 | D:10     | Found a staircase to the Lair.
  9736 | D:10     | Reached ** piety under Vehumet
  9736 | D:10     | Offered knowledge of Throw Flame by Vehumet.
 10469 | D:11     | Noticed tp1's ghost (journeyman DECj)
 10655 | D:11     | Noticed a cyan ugly thing
 10828 | D:11     | Reached XP level 11. HP: 24/63 MP: 7/21
 10930 | D:11     | Found a portal to a secret trove of treasure.
 11072 | D:11     | Reached skill level 11 in Air Magic
 11291 | D:12     | Noticed Urug
 11293 | D:12     | Found a labyrinth entrance.
 11309 | Lab      | Entered a labyrinth
 11636 | Lab      | Found an exit through the horrors of the Abyss.
 11736 | Lab      | Noticed a minotaur
 11784 | Lab      | Killed a minotaur
 11784 | Lab      | Offered knowledge of Throw Frost by Vehumet.
 12079 | D:12     | Killed Urug
 12273 | D:12     | Reached *** piety under Vehumet
 12412 | D:12     | Offered knowledge of Mephitic Cloud by Vehumet.
 12427 | D:12     | Found a staircase to the Orcish Mines.
 13292 | D:13     | Reached **** piety under Vehumet
 13402 | D:13     | Identified a scroll of acquirement
 13415 | D:13     | Learned a level 4 spell: Throw Icicle
 13433 | D:13     | Noticed a hill giant
 13438 | D:13     | Killed a hill giant
 13438 | D:13     | Reached skill level 12 in Air Magic
 13444 | D:13     | Reached XP level 12. HP: 72/72 MP: 2/23
 13595 | D:12     | You fall through a shaft for 2 floors!
 13904 | D:13     | Offered knowledge of Sticky Flame by Vehumet.
 14022 | D:13     | Noticed a centaur warrior
 14025 | D:13     | Killed a centaur warrior
 14290 | D:13     | Noticed a hill giant
 14295 | D:13     | Killed a hill giant
 15092 | D:14     | Found a gate to the Vaults.
 15095 | D:14     | Noticed Agnes
 15101 | D:14     | Killed Agnes
 15101 | D:14     | Reached skill level 10 in Dodging
 15103 | D:14     | Noticed an ogre mage
 15243 | D:14     | Killed an ogre mage
 15243 | D:14     | Reached skill level 13 in Air Magic
 15525 | D:15     | Entered Level 15 of the Dungeon
 15982 | Lair:1   | Entered Level 1 of the Lair of Beasts
 16036 | Lair:1   | Reached XP level 13. HP: 80/80 MP: 26/26
 16511 | Lair:1   | Reached ***** piety under Vehumet
 16511 | Lair:1   | Offered knowledge of Poisonous Cloud by Vehumet.
 17826 | Lair:3   | Reached skill level 1 in Shields
 18188 | Lair:1   | Learned a level 3 spell: Ozocubu's Armour
 19281 | Lair:4   | Found a staircase to the Snake Pit.
 19321 | Lair:4   | Noticed Snorg
 19367 | Lair:4   | Killed Snorg
 19478 | Lair:4   | HP: 2/80 [black mamba (16)]
 19483 | Lair:4   | Engulfed by a cloud of freezing vapour

Action                   |  1- 3 |  4- 6 |  7- 9 | 10-12 | 13-15 || total
-------------------------+-------+-------+-------+-------+-------++-------
Melee: Dagger            |    40 |    72 |    86 |   259 |       ||   457
       Short sword       |       |       |       |    17 |       ||    17
       Staff             |       |       |       |     5 |    64 ||    69
 Cast: Shock             |    76 |   112 |   102 |   172 |    21 ||   483
       Static Discharge  |       |    12 |    37 |    74 |    24 ||   147
       Repel Missiles    |       |     2 |       |     2 |       ||     4
       Animate Skeleton  |       |       |    13 |    42 |    29 ||    84
       Lightning Bolt    |       |       |     4 |    28 |       ||    32
       Swiftness         |       |       |       |     1 |       ||     1
       Freezing Cloud    |       |       |       |    18 |    18 ||    36
       Throw Icicle      |       |       |       |    71 |   116 ||   187
       Ozocubu's Armour  |       |       |       |       |     1 ||     1
 Abil: Fly               |       |       |     5 |    25 |     4 ||    34
Evoke: Wand              |       |       |     1 |       |       ||     1
       Rod               |       |       |       |    15 |       ||    15
  Use: Scroll            |     2 |     5 |       |    25 |     2 ||    34
       Potion            |     2 |       |       |     2 |     2 ||     6
 Stab: Sleeping          |     1 |       |     5 |     1 |     1 ||     8
       Distracted        |       |       |       |     1 |     1 ||     2
  Eat: Chunk             |     1 |     6 |     9 |    26 |    18 ||    60
       Royal jelly       |     1 |       |     1 |     2 |       ||     4
       Beef jerky        |       |     2 |     1 |     1 |       ||     4
       Fruit             |       |       |     3 |       |       ||     3
       Meat ration       |       |       |     1 |     4 |     1 ||     6
       Bread ration      |       |       |       |     1 |       ||     1
